 Dungeon Crawl Stone Soup version 0.30.0-5-g1a98f26d00 (webtiles) character file.

Game seed: 12394228055904987362

791 Exaltedone87 the Covered (level 7, -4/64 HPs)
             Began as an Armataur Fighter on May 9, 2023.
             Slain by a gnoll sergeant
             ... wielding a +2 antimagic trident
              (15 damage)
             ... on level 5 of the Dungeon.
             The game lasted 00:07:30 (3913 turns).

Exaltedone87 the Covered (Armataur Fighter)         Turns: 3913, Time: 00:07:31

Health: -4/64      AC: 11    Str: 22    XL:     7   Next: 57%
Magic:  0/7        EV:  5    Int:  8    God:
Gold:   321        SH:  9    Dex: 11    Spells: 6/6 levels left

rFire   . . .        a - +0 flail
rCold   . . .        q - +0 kite shield
rNeg    . . .        r - +0 chain mail
rPois   .            h - +0 helmet
rElec   .            (no cloak)
rCorr   .            j - +0 pair of gloves
SInv    .            (no barding)
Will    .....        b - amulet of regeneration Stlth
                     (no ring)
HPRegen 1.10/turn    (no ring)
MPRegen 0.10/turn

%: roll
@: no status effects
A: large, rugged brown scales 3, deformed body, armoured tail, roll, long
tongue, awkward tongue
a: no special abilities


You were on level 5 of the Dungeon.
You visited 1 branch of the dungeon, and saw 5 of its levels.

You collected 321 gold pieces.

Inventory:

Hand Weapons
 a - a +0 flail (weapon)
Armour
 h - a +0 helmet (worn)
 j - a +0 pair of gloves (worn)
 q - a +0 kite shield (worn)
 r - a +0 chain mail (worn)
Jewellery
 b - an amulet of regeneration (around neck)
Wands
 k - a wand of charming (8)
Scrolls
 e - 4 scrolls of fog
 f - a scroll of magic mapping
 g - a scroll of amnesia
 i - a scroll of poison
 l - a scroll of silence
 m - a scroll of identify
 s - 2 scrolls of blinking {unknown}
 t - a scroll of butterflies
Potions
 d - 2 potions of might
 n - a potion of cancellation
 o - a potion of curing
 p - 2 potions of heal wounds


   Skills:
 + Level 4.3 Fighting
 * Level 5.2 Maces & Flails
 + Level 5.7 Armour
 + Level 5.2 Shields


You had 6 spell levels left.
You didn't know any spells.
Your spell library contained the following spells:

 Spells                   Type           Power      Damage    Failure   Level
 Inner Flame              Hex/Fire       0%         N/A       100%        3
 Flame Wave               Conj/Fire      0%         2d4       100%        4
 Sticky Flame             Conj/Fire      0%         2d3       100%        4


Dungeon Overview and Level Annotations

Branches:
Dungeon (5/15)
 Temple: D:4-7

Altars:
Nemelex Xobeh
Qazlal
Sif Muna
The Shining One


Innate Abilities, Weirdness & Mutations

You are completely covered in rugged brown scales. (AC +3, +7% HP)
Armour fits poorly on your strangely shaped body.
You have a long armoured tail.
You roll when moving toward enemies. (Rampage)
Your long tongue fully drains potion bottles. (2x potion effects)
Your tongue gives you trouble enunciating. (1.5x scroll delay)


Message History

You barely miss the gnoll. You tail-slap the gnoll!
The gnoll is almost dead.
The gnoll hits you with a +0 club. You block the gnoll sergeant's attack.
The gnoll barely misses you.
You see here a scroll of identify.
The gnoll sergeant attacks as you move away!
The gnoll sergeant hits you with a +2 antimagic trident.
You feel your power leaking away.
The gnoll sergeant hits you but does no damage.
You roll towards the gnoll sergeant!
You barely miss the gnoll sergeant.
You tail-slap the gnoll sergeant, but do no damage.
The gnoll sergeant hits you with a +2 antimagic trident.
You hit the gnoll sergeant. You tail-slap the gnoll sergeant!
The gnoll sergeant is heavily wounded.
The gnoll sergeant hits you with a +2 antimagic trident!
You closely miss the gnoll sergeant.
Your tail-slap misses the gnoll sergeant.
The gnoll sergeant is heavily wounded.
The gnoll sergeant hits you with a +2 antimagic trident!
You block the gnoll sergeant's attack. The gnoll hits you but does no damage.
You hit the gnoll sergeant but do no damage.
The gnoll sergeant is moderately wounded.
You block the gnoll's attack. You block the gnoll sergeant's attack.
You barely miss the gnoll sergeant.
The gnoll sergeant is moderately wounded.
The gnoll hits you from afar with a +0 spear.
The gnoll sergeant hits you with a +2 antimagic trident!
You feel your power leaking away.
You hit the gnoll sergeant but do no damage.
The gnoll sergeant is moderately wounded.
The gnoll hits you but does no damage. You block the gnoll sergeant's attack.
You completely miss the gnoll sergeant.
You tail-slap the gnoll sergeant, but do no damage.
The gnoll sergeant is moderately wounded.
The gnoll hits you from afar with a +0 spear.
* * * LOW HITPOINT WARNING * * *
The gnoll sergeant hits you with a +2 antimagic trident!
* * * LOW HITPOINT WARNING * * *
The gnoll sergeant hits you with a +2 antimagic trident!
You die...

#. #. # #.
#.#
#.####...#
#g#....#
##.#@####
##..#g#
##...gg#
##..<.g##
###.......#
.........##
#...####...##
#..# ##..#
#..######..#


You could see a gnoll sergeant and 3 gnolls.

Vanquished Creatures
  The ghost of Rudyous the Firebug, an amateur DsFE of Vehumet (D:4)
  2 ice beasts (D:5)
  A scorpion (D:4)
  A hound (D:4)
  Terence (D:2)
  2 iguanas
  Natasha (twice) (D:2)
  2 orc wizards
  2 gnolls (D:5)
  8 adders
  2 worms
  A dart slug (D:2)
  14 orcs
  6 endoplasms
  6 giant cockroaches
  9 goblins
  7 hobgoblins
  4 jackals
  7 kobolds
  3 quokkas
  4 ball pythons
  11 bats
  A frilled lizard (D:2)
  9 rats
106 creatures vanquished.

Vanquished Creatures (others)
  An orc wizard (D:3)
1 creature vanquished.

Grand Total: 107 creatures vanquished

Notes
Turn   | Place    | Note
-------+----------+-------------------------------------------
     0 | D:1      | Exaltedone87 the Armataur Fighter began the quest for the
                  | Orb.
     0 | D:1      | Reached XP level 1. HP: 19/19 MP: 1/1
   490 | D:1      | Reached XP level 2. HP: 25/26 MP: 2/2
  1064 | D:2      | Reached XP level 3. HP: 32/32 MP: 3/3
  1163 | D:2      | Noticed Natasha
  1170 | D:2      | Killed Natasha
  1213 | D:2      | Reached XP level 4. HP: 40/40 MP: 4/4
  1273 | D:2      | Noticed Terence
  1293 | D:2      | Killed Terence
  1630 | D:2      | Noticed Natasha
  1634 | D:2      | Killed Natasha
  1674 | D:2      | Reached XP level 5. HP: 45/48 MP: 5/5
  2256 | D:3      | Found a glowing golden altar of the Shining One.
  2784 | D:4      | Reached XP level 6. HP: 52/54 MP: 6/6
  2877 | D:4      | Reached skill level 5 in Armour
  3223 | D:4      | Found a sparkling altar of Nemelex Xobeh.
  3442 | D:4      | Found a runed translucent door.
  3443 | D:4      | Noticed Rudyous's ghost (amateur DsFE)
  3459 | D:4      | Killed Rudyous's ghost
  3496 | D:4      | Identified a scroll of acquirement
  3496 | D:4      | Acquired an amulet of regeneration
  3505 | D:5      | Entered Level 5 of the Dungeon
  3505 | D:5      | Noticed an ice beast
  3509 | D:5      | Killed an ice beast
  3510 | D:5      | Reached skill level 5 in Shields
  3510 | D:5      | Reached XP level 7. HP: 53/63 MP: 7/7
  3591 | D:5      | Reached skill level 5 in Maces & Flails
  3656 | D:5      | Found a shimmering blue altar of Sif Muna.
  3696 | D:5      | Found a stormy altar of Qazlal.
  3913 | D:5      | Slain by a gnoll sergeant

Illustrated notes

Levels and vault maps discovered:
D:1:      saegor_arrival_miasma, layout_basic
D:2:      kennysheep_six_static_rooms, layout_basic, uniq_terence, uniq_natasha
D:3:      layout_loops_ring, old_standard_altar, guppyfry_early_orc_mine
D:4:      layout_loops_ring, nemelex_spade_bored_becter, gammafunk_ghost_grave,
          hex_tiny
D:5:      corexii_shantytown, layout_loops_ring, lemuel_tele_altar,
          kennysheep_little_box, grunt_decor_clamped, uniq_grinder

Skill      XL: |  1  2  3  4  5  6  7 |
---------------+----------------------+-----
Maces & Flails | 2 3 4 5 |  5.2
Armour         | 4 5 |  5.7
Fighting       | 3 4 |  4.3
Shields        | 4 5 |  5.2

Action                     |  1- 3 |  4- 6 |  7- 9 || total
---------------------------+-------+-------+-------++-------
  Melee: Flail             |    73 |   234 |    73 ||   380
         Tailslap          |     8 |    23 |    17 ||    48
    Use: Scroll            |       |    12 |       ||    12
         Potion            |       |     1 |       ||     1
 Armour: Scale mail        |    56 |   167 |       ||   223
         Chain mail        |       |     2 |    32 ||    34
  Dodge: Dodged            |    16 |    93 |    18 ||   127
  Block: Buckler           |    16 |    60 |     6 ||    82
         Kite shield       |       |       |    10 ||    10
